 Dungeon Crawl Stone Soup version 0.31-a0-237-g2d982f9f85 (webtiles) character file.

Game seed: 7594392326023821096

31 qw the Shooter (level 3, -2/29 HPs)
             Began as a Minotaur Hexslinger on July 11, 2023.
             Succumbed to a gnoll's poison
             ... on level 2 of the Dungeon.
             The game lasted 00:00:24 (1806 turns).

qw the Shooter (Minotaur Hexslinger)                Turns: 1806, Time: 00:00:25

Health: -2/29      AC:  4    Str: 12    XL:     3   Next: 7%
Magic:  3/3        EV: 12    Int: 10    God:
Gold:   109        SH:  0    Dex: 14    Spells: 3/4 levels left

rFire   . . .        Y - +2 sling
rCold   . . .        (no shield)
rNeg    . . .        g - +0 leather armour
rPois   .            (helmet restricted)
rElec   .            (no cloak)
rCorr   .            (no gloves)
SInv    .            e - +0 pair of boots
Will    .....        (no amulet)
Stlth   +            (no ring)
HPRegen 0.24/turn    (no ring)
MPRegen 0.08/turn

%: no passive effects
@: lethally poisoned (-2 -> -30)
A: horns 2, retaliatory headbutt
a: no special abilities


You were on level 2 of the Dungeon.
You visited 1 branch of the dungeon, and saw 3 of its levels.

You collected 109 gold pieces.


Innate Abilities, Weirdness & Mutations

You have a pair of horns on your head.
You reflexively headbutt those who attack you in melee.


   Skills:
 - Level 2.0 Fighting
 + Level 3.6 Ranged Weapons
 - Level 2.1 Dodging
 - Level 1.0 Spellcasting
 - Level 2.0 Hexes


You had 3 spell levels left.
You knew the following spells:

 Your Spells              Type           Power      Damage    Failure   Level
a - Slow                  Hex            16%        N/A       19%         1

Your spell library contained the following spells:

 Spells                   Type           Power      Damage    Failure   Level
 Inner Flame              Hex/Fire       2%         N/A       65%         3
 Portal Projectile        Hex/Tloc       4%         N/A       65%         3
 Cause Fear               Hex            2%         N/A       88%         4

Inventory:

Hand Weapons
 Y - a +2 sling (weapon)
Armour
 e - a +0 pair of boots (worn)
 g - a +0 leather armour (worn)
Scrolls
 c - a scroll of identify
Potions
 j - a potion of attraction {unknown}

Dungeon Overview and Level Annotations

Branches:
Dungeon (3/15)

Altars:


Message History

Enter note:
Enter note:
Enter note:
Enter note:
Enter note:
Enter note: Done exploring.
1787 ||| READING scroll labelled OGEJOIQIRE.
As you read the scroll labelled OGEJOIQIRE, it crumbles to dust.
It is a scroll of amnesia.
Really abort (and waste the scroll)?
Done exploring.
1788 ||| READING scroll labelled SIRUEKLELLE.
Blink to where?
Press: ? - help, Dir - move target, f - you Are you sure you want to cancel this blink?
As you read the scroll labelled SIRUEKLELLE, it crumbles to dust.
It was a scroll of blinking.
Done exploring.
(D) Dungeon
Where to? (* - list waypoints, Enter - D:2, ? - help)
What level of the Dungeon? (default 1, ? - help)
You see here a +0 club.
There is a stone staircase leading down here.
You climb downwards.
The gnoll shouts!
The frilled lizard hisses angrily.
The gnoll shouts! x2
There is a stone staircase leading up here.
There are monsters nearby!
Waypoint 2 assigned to D:3.
You shoot a sling bullet.
The sling bullet closely misses the gnoll.
The gnoll closely misses you.
The gnoll hits you with a +0 halberd of venom!
You are poisoned.
1805 ||| STAIRDANCE You feel very sick.
The gnoll hits you but does no damage.
The gnoll hits you with a +0 halberd of venom!
You are more poisoned.
You climb upwards.
You die...

######.########........# #. #.###
#.....##.# #. #.#.#############.#
#. #..............##.# #.
#.#.##########.##.# #. #.#.#
#...# #.##.### #####.
######.#.###7.<.7##..>...# #...<.
#.........#.......#..###.###.###.
#.#######.#.<.7g@.#..# #..##.# #.
#.# #.#.....g.##.###..##.# #. #.#
#.##7...7###......##.# #. #.# #.#
#...##.###.##.##.# #. #.#
#.####)##..###.##....# #. #.#
#.......#...##.##.#..# #. #.#
#..###......##.##...##### #.#
#..# ###.#..##........... #.#
#..# #.#...............


You could see 2 gnolls.

Vanquished Creatures
  A dart slug (D:1)
  4 endoplasms
  3 giant cockroaches
  A goblin (D:2)
  A hobgoblin (D:1)
  5 kobolds
  5 ball pythons (D:1)
  2 bats (D:1)
  A frilled lizard (D:1)
  6 rats
29 creatures vanquished.

Notes
Turn   | Place    | Note
-------+----------+-------------------------------------------
     0 | D:1      | qw the Minotaur Hexslinger began the quest for the Orb.
     0 | D:1      | Reached XP level 1. HP: 16/16 MP: 1/1
     0 | D:1      | 0 ||| qw: Version: 0.3-a-52-g30416fa
     0 | D:1      | 0 ||| qw: Game counter: 5603
     0 | D:1      | 0 ||| qw: Melee chars always use a shield: true
     0 | D:1      | 0 ||| qw: God list: Okawaru
     0 | D:1      | 0 ||| qw: Allow faded altars: false
     0 | D:1      | 0 ||| qw: Do Orc after clearing Dungeon:15 true
     0 | D:1      | 0 ||| qw: Do second Lair branch before Depths: true
     0 | D:1      | 0 ||| qw: Lair rune preference: random
     0 | D:1      | 0 ||| qw: Goals: Normal
     0 | D:1      | 0 ||| PLANNING D:1-11
   122 | D:1      | Reached skill level 3 in Ranged Weapons
   122 | D:1      | Reached XP level 2. HP: 11/23 MP: 2/2
   204 | D:1      | HP: 5/23 [kobold/+0 whip (3)]
   205 | D:1      | HP: 2/23 [kobold/+0 whip (4)]
  1056 | D:1      | 1056 ||| UPGRADING to +0 pair of boots.
  1061 | D:1      | 1061 ||| UPGRADING to +0 leather armour.
  1071 | D:1      | 1071 ||| DROPPING +0 robe.
  1072 | D:1      | 1072 ||| READING scroll labelled CIHIOS VOVOE.
  1073 | D:1      | 1073 ||| READING scroll labelled ETUOXT EHAN.
  1074 | D:1      | 1074 ||| DROPPING scroll of poison.
  1602 | D:2      | Reached XP level 3. HP: 29/29 MP: 3/3
  1780 | D:2      | 1780 ||| READING scroll labelled PAEMAO SYJY.
  1781 | D:2      | 1781 ||| READING scroll labelled XAUBRO QODGHU.
  1782 | D:2      | 1782 ||| READING scroll labelled MYSSEOKEMU.
  1783 | D:2      | 1783 ||| READING scroll labelled SUPAEXKE CAYQAA.
  1787 | D:2      | 1787 ||| READING scroll labelled OGEJOIQIRE.
  1788 | D:2      | 1788 ||| READING scroll labelled SIRUEKLELLE.
  1805 | D:3      | 1805 ||| STAIRDANCE
  1805 | D:3      | HP: 7/29 [gnoll/+0 halberd of venom (11)]
  1806 | D:2      | Succumbed to a gnoll's poison

Levels and vault maps discovered:
D:1:      wander_arrival_chamber, layout_basic, minmay_hexomino_f4
D:2:      layout_loops_ring, grunt_ministairs_7
D:3:      layout_basic, serial_glass, glass_columns_b, glass_columns_a,
          glass_columns_a, glass_columns_b

Skill      XL: |  1  2 |
---------------+-------+-----
Ranged Weapons | 3 |  3.6
Fighting       | 2 |  2.0
Dodging        | |  2.1
Spellcasting   | |  1.0
Hexes          | |  2.0

Action                     || total
---------------------------++-------
   Fire: Sling             ||    74
    Use: Scroll            ||     8
 Armour: Robe              ||     4
         Leather armour    ||     3
  Dodge: Dodged            ||    29

Table legend:
 A = Non-vault XP
 B = Vault XP
 C = Vault XP percentage of total XP
 D = Non-vault monster count
 E = Vault monster count
 F = Vault count percentage of total count
                 A         B        C        D         E       F
            +---------+---------+-------+---------+---------+-------
      Total |      32 |      13 |  28.9 |      23 |       6 |  20.7
            +---------+---------+-------+---------+---------+-------
        D:1 |      23 |       9 |  28.1 |      17 |       4 |  19.0
        D:2 |       9 |       4 |  30.8 |       6 |       2 |  25.0
            +---------+---------+-------+---------+---------+-------
